 Dungeon Crawl Stone Soup version 0.31.0-11-ge490571c62 (webtiles) character file.

Game seed: 6892598013352616450

707 Oakoak the Ruffian (level 7, 0/67 HPs)
             Began as a Troll Fighter on Jan 29, 2024.
             Slain by an orc warrior
             ... wielding a +0 trident
              (6 damage)
             ... on level 6 of the Dungeon.
             The game lasted 00:13:29 (3400 turns).

Oakoak the Ruffian (Troll Fighter)                  Turns: 3400, Time: 00:13:29

Health: 0/67       AC:  4    Str: 30    XL:     7   Next: 39%
Magic:  6/6        EV:  9    Int:  4    God:
Gold:   237        SH:  8    Dex:  9    Spells: 6/6 levels left

rFire   . . .        y - +5 falchion "Ulakut" {heavy, Str+3}
rCold   . . .        b - +0 kite shield
rNeg    . . .        a - +0 robe
rPois   +            (helmet restricted)
rElec   .            (no cloak)
rCorr   .            (gloves unavailable)
SInv    .            (boots unavailable)
Will    .....        (no amulet)
Stlth   +            x - ring of poison resistance
HPRegen 1.11/turn    (no ring)
MPRegen 0.10/turn

%: no passive effects
@: no status effects
A: large, unfitting armour, claws 3, regeneration 1, shaggy fur 1, tough skin 1
a: no special abilities


You were on level 6 of the Dungeon.
You visited 1 branch of the dungeon, and saw 6 of its levels.

You collected 237 gold pieces.

Inventory:

Hand Weapons
 s - the +3 mace "Nimimekh" {drain, Fly rC+ Will+}
   (You found it on level 4 of the Dungeon)

   rC+:       It protects you from cold.
   Will+:     It increases your willpower.
   Fly:       It grants you flight.
 y - the +5 falchion "Ulakut" (weapon) {heavy, Str+3}
   (You found it on level 5 of the Dungeon)

   Str+3:     It affects your strength (+3).
Armour
 a - a +0 robe (worn)
 b - a +0 kite shield (worn)
 e - a +0 chain mail
Jewellery
 x - a ring of poison resistance (left claw)
Talismans
 u - a blade talisman
Wands
 w - a wand of flame (17)
Scrolls
 f - 3 scrolls of enchant weapon
 h - 3 scrolls of revelation {unknown}
 j - a scroll of vulnerability {unknown}
 l - a scroll of blinking {unknown}
 n - a scroll of enchant armour {unknown}
 o - a scroll of immolation {unknown}
 q - 2 scrolls of teleportation {unknown}
 r - 3 scrolls of fog {unknown}
 t - a scroll of identify {unknown}
 z - 2 scrolls of torment {unknown}
Potions
 c - 4 potions of might
 d - 3 potions of heal wounds {unknown}
 g - 3 potions of lignification {unknown}
 i - a potion of attraction {unknown}
 k - a potion of haste {unknown}
 m - a potion of degeneration {unknown}
 p - a potion of mutation {unknown}
 v - 2 potions of curing {unknown}


   Skills:
 + Level 3.5 Fighting
 + Level 1.1 Long Blades
 + Level 1.7 Maces & Flails
 + Level 3.8 Dodging
 + Level 0.8 Stealth
 + Level 4.2 Shields
 + Level 4.6 Unarmed Combat


You had 6 spell levels left.
You didn't know any spells.
Your spell library contained the following spells:

 Spells                   Type           Power      Damage    Failure   Level
 Apportation              Tloc           0%         N/A       71%         1
 Freeze                   Ice            0%         1d3       71%         1
 Jinxbite                 Hex            0%         N/A       85%         2
 Frozen Ramparts          Ice            0%         1d1       97%         3
 Hailstorm                Conj/Ice       0%         3d5       97%         3
 Alistair's Intoxication  Alch           0%         N/A       100%        5


Dungeon Overview and Level Annotations

Branches:
Dungeon (6/15)
 Temple: D:4-7

Altars:
Ru


Innate Abilities, Weirdness & Mutations

You are too large for most types of armour.
You have claws for hands.
Your natural rate of healing is unusually fast.
You are covered in fur. (AC +1)
You have tough skin. (AC +1)


Message History

The orc warrior hits you from afar with a +0 trident.
You block the orc's attack.
You barely miss the orc. You block the orc warrior's attack.
The orc hits you with a +0 hand axe.
The orc warrior hits you from afar with a +0 trident!
You block the orc's attack. The orc attacks as it pursues you!
The orc barely misses you.
Things that are here:
a +0 flail; a +0 ring mail; an orc corpse You slash the orc!
You kill the orc!
The orc warrior hits you from afar with a +0 trident.
Things that are here:
a +0 flail; a +0 ring mail; an orc corpse You slash the orc warrior!
The orc warrior is heavily wounded.
The orc warrior hits you with a +0 trident.
You block the orc's attack. The orc warrior completely misses you.
The orc hits you with a +0 hand axe.
You slash the orc warrior!
The orc warrior is almost dead.
The orc warrior hits you with a +0 trident!
* * * LOW HITPOINT WARNING * * *
You block the orc's attack.
The orc warrior hits you with a +0 trident!
* * * LOW HITPOINT WARNING * * *
The orc hits you with a +0 hand axe.
* * * LOW HITPOINT WARNING * * *
The orc warrior hits you from afar with a +0 trident.
* * * LOW HITPOINT WARNING * * *
The orc warrior attacks as it pursues you!
The orc warrior hits you from afar with a +0 trident.
* * * LOW HITPOINT WARNING * * *
The orc warrior barely misses you.
The orc warrior attacks as it pursues you!
The orc warrior hits you from afar with a +0 trident.
* * * LOW HITPOINT WARNING * * *
The orc warrior attacks as it pursues you!
The orc warrior hits you from afar with a +0 trident.
You die...

#...# .... #...
#.. #.. #.#
#.#####.#
#......@# . .
#.#####.# ....
#o###.######
#..........###.#.#
#..##.......#.....
#.o.....(...##.#.#
#.....#.....##.#.#
#.#.#.#.##.###.#.#
#.#...............


You could see an orc warrior and an orc.

Vanquished Creatures
  A black bear (D:5)
  3 scorpions (D:6)
  A bullfrog (D:6)
  A wight (D:6)
  2 bombardier beetles
  A jelly (D:6)
  A hound (D:5)
  An iguana (D:6)
  Natasha (twice) (D:2)
  2 adders (D:2)
  2 ufetubi (D:5)
  A ribbon worm (D:2)
  4 dart slugs
  6 orcs
  5 bats
  4 endoplasms
  A giant cockroach (D:1)
  8 goblins
  5 hobgoblins
  A jackal (D:2)
  5 kobolds
  3 quokkas
  9 ball pythons
  5 frilled lizards
  8 rats
82 creatures vanquished.

Notes
Turn   | Place    | Note
-------+----------+-------------------------------------------
     0 | D:1      | Oakoak the Troll Fighter began the quest for the Orb.
     0 | D:1      | Reached XP level 1. HP: 22/22 MP: 0/0
    87 | D:1      | Reached XP level 2. HP: 29/29 MP: 1/1
   143 | D:1      | Found a faded altar of an unknown god.
   395 | D:1      | Reached XP level 3. HP: 36/36 MP: 2/2
  1067 | D:2      | Noticed Natasha
  1076 | D:2      | Killed Natasha
  1077 | D:2      | Reached XP level 4. HP: 19/44 MP: 3/3
  1333 | D:2      | Noticed Natasha
  1359 | D:2      | Killed Natasha
  1778 | D:3      | Reached XP level 5. HP: 53/53 MP: 4/4
  2433 | D:4      | Identified the +3 mace "Nimimekh" {drain, Fly rC+ Will+}
  2530 | D:4      | You are sucked into a shaft and drop 1 floor!
  2530 | D:5      | Entered Level 5 of the Dungeon
  2530 | D:5      | Found a sacrificial altar of Ru.
  2692 | D:5      | Noticed a black bear
  2710 | D:5      | Killed a black bear
  2711 | D:5      | Reached XP level 6. HP: 40/61 MP: 5/5
  2848 | D:5      | Identified the +5 falchion "Ulakut" {heavy, Str+3}
  2866 | D:6      | Reached skill level 1 in Maces & Flails
  3149 | D:6      | Reached XP level 7. HP: 52/67 MP: 6/6
  3203 | D:6      | Reached skill level 1 in Long Blades
  3388 | D:6      | HP: 3/67 [orc/+0 hand axe (4)]
  3389 | D:6      | HP: 1/67 [orc warrior/+0 trident (3)]
  3400 | D:6      | Slain by an orc warrior

Illustrated notes

Levels and vault maps discovered:
D:1:      minmay_arrival_shoal_huts, layout_loops_cross,
          ebering_ecumenical_altar_box
D:2:      layout_basic, st_stairs_7, minmay_fractal_squares_gapless_5,
          uniq_natasha
D:3:      layout_basic
D:4:      layout_basic, minmay_temple_entry_statues_fountains,
          kennysheep_generic_room_2
D:5:      layout_rooms, mainiacjoe_overflow_alcove_1
D:6:      layout_basic, mainiacjoe_overflow_cross_hatched, minmay_between

Skill      XL: |  1  2  3  4  5  6  7 |
---------------+----------------------+-----
Shields        | 3 4 |  4.2
Unarmed Combat | 3 4 |  4.6
Fighting       | 3 |  3.5
Dodging        | 3 |  3.8
Maces & Flails | 1 |  1.7
Long Blades    | 1 |  1.1
Stealth        | |  0.8

Action                     |  1- 3 |  4- 6 |  7- 9 || total
---------------------------+-------+-------+-------++-------
  Melee: Unarmed           |   115 |    66 |       ||   181
         Mace              |       |    22 |       ||    22
         Falchion          |       |    13 |    27 ||    40
    Use: Scroll            |       |     2 |       ||     2
 Armour: Robe              |    68 |    68 |    84 ||   220
         Skin              |       |     1 |       ||     1
  Dodge: Dodged            |    44 |    66 |    59 ||   169
  Block: Kite shield       |    60 |    47 |    42 ||   149
